 Dungeon Crawl Stone Soup version 0.25.1-2-g60ff931df9 (webtiles) character file.

Game seed: 15353259935421180052

49 DildoBatman the Magician (level 4, 0/30 HPs)
             Began as a Formicid Wizard on Aug 26, 2020.
             Slain by a jackal (1 damage)
             ... on level 2 of the Dungeon.
             The game lasted 00:03:30 (1907 turns).

DildoBatman the Magician (Formicid Wizard)          Turns: 1907, Time: 00:03:30

Health: 0/30       AC:  3    Str: 12    XL:     4   Next: 1%
Magic:  8/8        EV: 12    Int: 18    God:
Gold:   98         SH:  0    Dex:  9    Spells: 2/9 levels left

rFire    . . .     SeeInvis +   a - +0 hunting sling
rCold    . . .     Gourm    .   (no shield)
rNeg     . . .     Faith    .   l - +0 robe
rPois    .         Spirit   .   (helmet unavailable)
rElec    .         Reflect  .   (no cloak)
rCorr    .         Harm     .   (no gloves)
MR       .....                  h - +0 pair of boots
Stlth    ++........             (no amulet)
HPRegen  0.10/turn              (no ring)
MPRegen  0.11/turn              (no ring)

@: no status effects
A: permanent stasis, dig shafts and tunnels, four strong arms, antennae 3
a: Dig, Shaft Self


You were on level 2 of the Dungeon.
You were not hungry.

You visited 1 branch of the dungeon, and saw 2 of its levels.

You collected 98 gold pieces.

Inventory:

Hand Weapons
 a - a +0 hunting sling (weapon)
 b - a +0 short sword
 d - a +0 dagger
Missiles
 c - 59 stones (quivered)
 f - 19 poisoned darts
 j - 15 arrows
 n - 7 boomerangs
Armour
 h - a +0 pair of boots (worn)
 l - a +0 robe (worn)
Scrolls
 g - a scroll of amnesia {unknown}
 m - a scroll of fog {unknown}
 o - a scroll of enchant weapon {unknown}
Potions
 e - a potion of brilliance {unknown}
 i - a potion of curing {unknown}
 k - a potion of might {unknown}
 p - a potion of lignification {unknown}
 q - a potion of resistance {unknown}
Comestibles
 r - 2 chunks of flesh
 v - 3 rations


   Skills:
 + Level 1.5 Throwing
 - Level 1.7 Dodging
 - Level 2.4 Stealth
 - Level 3.2 Spellcasting
 * Level 2.6 Conjurations
   Level 1.0 Summonings
   Level 0.8 Translocations


You had 2 spell levels left.
You knew the following spells:

 Your Spells              Type           Power        Failure   Level  Hunger
a - Conjure Flame         Conj/Fire      #.......     28%         3    ###....
c - Magic Dart            Conj           ##..         5%          1    None
e - Mephitic Cloud        Conj/Pois/Air  #.......     32%         3    ###....

Your spell library contained the following spells:

 Spells                   Type           Power        Failure   Level  Hunger
 Call Imp                 Summ           #.......     16%         2    ##.....
 Slow                     Hex            #.......     24%         2    ##.....
 Blink                    Tloc           Unusable     N/A         2    N/A

Dungeon Overview and Level Annotations

Branches:
Dungeon (2/15)

Altars:

Annotations:
D:2 Sigmund


Innate Abilities, Weirdness & Mutations

You cannot be hasted, slowed, berserked, paralysed or teleported.
You can dig through walls and to a lower floor.
Your four strong arms can wield two-handed weapons with a shield.
You have a pair of large antennae on your head. (SInv)


Message History

The rat bites you.
The jackal bites you but does no damage.
What are your orders? t - Shout!
Orders for allies: a - Attack new target. r - Retreat! s - Stop attacking. g - Guard the area. f - Follow me.
Anything else - Cancel.
You shout for attention!
The rat bites you but does no damage. The jackal barely misses you.
What are your orders? t - Shout!
Orders for allies: a - Attack new target. r - Retreat! s - Stop attacking. g - Guard the area. f - Follow me.
Anything else - Cancel.
You shout for attention!
The jackal bites you.
You die...

#.#.. ..... #.#.# #.#.#
#.#.# #.#.# #### ##
#.#.#####... ....
..##.@h...†..... ###
#.####r#####.... #.#....#
#.# # #.#.#### #.# #.
#.#.# #.# #.#####...# #.#
#........## #.#
##..#...###########.######
#.....<..#.........##...#


You could see a jackal and a rat.

Vanquished Creatures
  An adder (D:2)
  An ooze (D:1)
  A worm (D:2)
  2 dart slugs (D:1)
  A leopard gecko (D:2)
  A giant cockroach (D:2)
  2 goblins
  2 hobgoblins (D:1)
  4 jackals
  4 kobolds
  A ball python (D:1)
  3 bats
  A frilled lizard (D:1)
  4 rats
28 creatures vanquished.

Notes
Turn   | Place    | Note
-------+----------+-------------------------------------------
     0 | D:1      | DildoBatman the Formicid Wizard began the quest for the
                  | Orb.
     0 | D:1      | Reached XP level 1. HP: 13/13 MP: 4/4
    23 | D:1      | Reached skill level 1 in Conjurations
   308 | D:1      | Reached XP level 2. HP: 17/19 MP: 4/6
   962 | D:1      | Reached skill level 1 in Throwing
  1022 | D:1      | Reached XP level 3. HP: 23/24 MP: 4/7
  1027 | D:1      | Learned a level 3 spell: Conjure Flame
  1031 | D:1      | Learned a level 3 spell: Mephitic Cloud
  1780 | D:2      | Noticed Sigmund
  1868 | D:2      | Reached XP level 4. HP: 14/30 MP: 5/8
  1905 | D:2      | HP: 1/30 [rat (1)]
  1907 | D:2      | Slain by a jackal

Illustrated notes

Levels and vault maps discovered:
D:1:      nzn_arrival_water_spiral, layout_basic, hangedman_glass_teeth
D:2:      layout_loops_ring, nemelex_xobeh_ov_fountains_minmay, first_ration,
          uniq_sigmund

Skill      XL: |  1  2 |
---------------+-------+-----
Conjurations   | 1 2 |  2.6
Throwing       | 1 |  1.5
Dodging        | |  1.7
Stealth        | |  2.4
Spellcasting   | |  3.2
Summonings     | |  1.0
Translocations | |  0.8

Action                   |  1- 3 |  4- 6 || total
-------------------------+-------+-------++-------
Melee: Dagger            |     6 |       ||     6
       Short sword       |    29 |       ||    29
 Fire: Hunting sling     |     7 |       ||     7
 Cast: Magic Dart        |    68 |     1 ||    69
 Abil: Dig               |     3 |       ||     3
  Eat: Chunk             |     3 |       ||     3
Armor: Robe              |     7 |    14 ||    21
Dodge: Dodged            |    39 |    29 ||    68
